WIN
SEATTLE (WIN) MARINERS @ PHILADELPHIA (WIN) PHILLIES
11/30/2044
 
TOP OF THE 1ST
Seattle (WIN) Mariners batting - Pitching for Philadelphia (WIN) Phillies : LHP Isaias Felix
Pitching: LHP Isaias Felix
Batting: RHB Malik Brookshire 0-0: Ball
1-0: SINGLE (Groundball, 34S, EV 71.9 MPH) (infield hit)
Batting: LHB Jerrod Cluck 0-0: Ball
1-0: Foul Ball, location: 2F
1-1: Ball
2-1: Swinging Strike
2-2: Fly out, F5 (Popup, 5SF, EV 81.2 MPH)
Batting: RHB Tony Vargas 0-0: Foul Ball, location: 2F
0-1: Ball
1-1: Ball
2-1: Called Strike
2-2: DOUBLE (Line Drive, 9LM, EV 102.5 MPH)
Malik Brookshire to third
Batting: LHB Cliff Thomas 0-0: Ball
1-0: Ball
2-0: Called Strike
2-1: Ball
3-1: Called Strike
3-2: SINGLE (Groundball, 34D, EV 100.0 MPH)
Malik Brookshire scores
Tony Vargas to third
Runner from 3rd tries for Home, SAFE, throw by RF to home
Batting: RHB Sean Peake 0-0: Called Strike
0-1: Foul Ball, location: 2F
0-2: Ball
1-2: Grounds into double play, 3-6-3 (Groundball, 34, EV 107.5 MPH)
Top of the 1st over - 2 runs, 3 hits, 0 errors, 0 left on base; Seattle (WIN) 2 - Philadelphia (WIN) 0
BOTTOM OF THE 1ST
Philadelphia (WIN) Phillies batting - Pitching for Seattle (WIN) Mariners : RHP Sam Wilson
Pitching: RHP Sam Wilson
Batting: LHB Tyler Allen 0-0: DOUBLE (Line Drive, 78D, EV 113.1 MPH)
Batting: RHB Moritake Fukumoto 0-0: Ball
1-0: Foul Ball, location: 2F
1-1: Swinging Strike
1-2: Strikes out swinging
Batting: LHB Michael Tuttle 0-0: Ball
1-0: Ball
2-0: 2-RUN HOME RUN (Flyball, 78XD, EV 113.8 MPH), Distance : 410 ft
Batting: RHB Dan Grable 0-0: Foul Ball, location: 2F
0-1: Fly out, F8 (Flyball, 8LM, EV 81.9 MPH)
Batting: SHB Cesar Arteaga 0-0: Ball
1-0: Foul Ball, location: 2F
1-1: Called Strike
1-2: Foul Ball, location: 2F
1-2: Ground out 4-3 (Groundball, 4, EV 105.6 MPH)
Bottom of the 1st over - 2 runs, 2 hits, 0 errors, 0 left on base; Seattle (WIN) 2 - Philadelphia (WIN) 2
TOP OF THE 2ND
Seattle (WIN) Mariners batting - Pitching for Philadelphia (WIN) Phillies : LHP Isaias Felix
Batting: RHB Harutomi Matsubara 0-0: Called Strike
0-1: Ball
1-1: Ball
2-1: Ball
3-1: Called Strike
3-2: Strikes out swinging
Batting: LHB Tom Reynolds 0-0: Called Strike
0-1: Foul Ball, location: 2F
0-2: Ball
1-2: Foul Ball, location: 2F
1-2: Ball
2-2: Ground out 4-3 (Groundball, 4, EV 102.5 MPH)
Batting: RHB Brad Robidas 0-0: Ball
1-0: Called Strike
1-1: Ball
2-1: Called Strike
2-2: Strikes out swinging
Top of the 2nd over - 0 runs, 0 hits, 0 errors, 0 left on base; Seattle (WIN) 2 - Philadelphia (WIN) 2
BOTTOM OF THE 2ND
Philadelphia (WIN) Phillies batting - Pitching for Seattle (WIN) Mariners : RHP Sam Wilson
Batting: RHB Kyle Morse 0-0: Called Strike
0-1: Ball
1-1: Ball
2-1: Ball
3-1: Base on Balls
Batting: LHB Troy Hodge 0-0: Fly out, F8 (Line Drive, 8LD, EV 97.5 MPH)
Batting: RHB Gary Hills 0-0: Ball
1-0: Called Strike
1-1: Ball
2-1: Called Strike
2-2: Foul Ball, location: 2F
2-2: Strikes out swinging
Batting: RHB Cory Bonham 0-0: Foul Ball, location: 2F
0-1: Foul Ball, location: 2F
Balk!
Kyle Morse to second
0-2: Ball
1-2: Strikes out swinging
Bottom of the 2nd over - 0 runs, 0 hits, 0 errors, 1 left on base; Seattle (WIN) 2 - Philadelphia (WIN) 2
TOP OF THE 3RD
Seattle (WIN) Mariners batting - Pitching for Philadelphia (WIN) Phillies : LHP Isaias Felix
Batting: LHB Caleb Domino 0-0: Ball
1-0: Swinging Strike
1-1: Foul Ball, location: 2F
1-2: Ball
2-2: SINGLE (Line Drive, 78M, EV 95.6 MPH)
Batting: RHB Malik Brookshire 0-0: Ball
1-0: Ball
2-0: Ball
3-0: Called Strike
3-1: Base on Balls
Caleb Domino to second
Batting: LHB Jerrod Cluck 0-0: Ball
1-0: Swinging Strike
1-1: Foul Ball, location: 2F
1-2: SINGLE (Line Drive, 89S, EV 102.5 MPH)
Caleb Domino to third
Malik Brookshire to second
Batting: RHB Tony Vargas 0-0: Called Strike
0-1: Called Strike
0-2: Foul Ball, location: 2F
0-2: Strikes out swinging
Batting: LHB Cliff Thomas 0-0: Foul Ball, location: 2F
0-1: Ball
1-1: Grounds out, U3 (Groundball, 3L, EV 96.2 MPH)
Caleb Domino scores
Malik Brookshire to third
Batting: RHB Sean Peake 0-0: Called Strike
0-1: Foul Ball, location: 2F
0-2: Ground out 6-3 (Groundball, 6, EV 101.9 MPH)
Top of the 3rd over - 1 run, 2 hits, 0 errors, 2 left on base; Seattle (WIN) 3 - Philadelphia (WIN) 2
BOTTOM OF THE 3RD
Philadelphia (WIN) Phillies batting - Pitching for Seattle (WIN) Mariners : RHP Sam Wilson
Batting: LHB Tyler Allen 0-0: Fly out, F5 (Popup, 56S, EV 66.9 MPH)
Batting: RHB Moritake Fukumoto 0-0: Ball
1-0: Ball
2-0: Ball
3-0: Foul Ball, location: 2F
3-1: Foul Ball, location: 2F
3-2: Foul Ball, location: 2F
3-2: Base on Balls
Batting: LHB Michael Tuttle 0-0: Grounds into double play, 6-4-3 (Groundball, 6, EV 85.6 MPH)
Bottom of the 3rd over - 0 runs, 0 hits, 0 errors, 0 left on base; Seattle (WIN) 3 - Philadelphia (WIN) 2
TOP OF THE 4TH
Seattle (WIN) Mariners batting - Pitching for Philadelphia (WIN) Phillies : LHP Isaias Felix
Batting: RHB Harutomi Matsubara 0-0: Ball
1-0: SINGLE (Groundball, 34D, EV 104.4 MPH)
Batting: LHB Tom Reynolds 0-0: Ball
1-0: Ball
2-0: Ball
3-0: Called Strike
3-1: Fielders Choice at 2nd, 3-6 (Groundball, 3S, EV 77.5 MPH)
Batting: RHB Brad Robidas 0-0: Called Strike
0-1: Ball
1-1: Swinging Strike
1-2: Ball
2-2: Fly out, F9 (Line Drive, 9, EV 111.9 MPH)
Pitching: LHP Ryan Jansma
Batting: LHB Caleb Domino 0-0: Called Strike
0-1: Ball
1-1: Ball
2-1: Ball
3-1: Called Strike
3-2: Fly out, F2 (Popup, 5SF, EV 80.6 MPH)
Top of the 4th over - 0 runs, 1 hit, 0 errors, 1 left on base; Seattle (WIN) 3 - Philadelphia (WIN) 2
BOTTOM OF THE 4TH
Philadelphia (WIN) Phillies batting - Pitching for Seattle (WIN) Mariners : RHP Sam Wilson
Batting: RHB Dan Grable 0-0: SINGLE (Groundball, 56D, EV 101.2 MPH)
Batting: SHB Cesar Arteaga 0-0: Ball
1-0: Called Strike
1-1: Foul Ball, location: 2F
1-2: Ball
2-2: Ball
3-2: Base on Balls
Dan Grable to second
Batting: RHB Kyle Morse 0-0: Ball
1-0: Ball
2-0: Foul Ball, location: 2F
2-1: Foul Ball, location: 2F
2-2: Fly out, F3 (Popup, 23F, EV 88.8 MPH)
Batting: LHB Troy Hodge 0-0: Foul Ball, location: 2F
0-1: Ball
1-1: Ball
2-1: Ball
3-1: Foul Ball, location: 2F
3-2: DOUBLE (Line Drive, 9LM, EV 113.8 MPH)
Dan Grable scores
Cesar Arteaga to third
Batting: RHB Gary Hills 0-0: Foul Ball, location: 2F
0-1: Called Strike
0-2: Ball
1-2: Strikes out swinging
Batting: RHB Cory Bonham 0-0: Foul Ball, location: 2F
0-1: Ball
1-1: Fly out, F7 (Flyball, 7, EV 88.1 MPH)
Bottom of the 4th over - 1 run, 2 hits, 0 errors, 2 left on base; Seattle (WIN) 3 - Philadelphia (WIN) 3
TOP OF THE 5TH
Seattle (WIN) Mariners batting - Pitching for Philadelphia (WIN) Phillies : LHP Ryan Jansma
Batting: RHB Malik Brookshire 0-0: Ball
1-0: Ball
2-0: Called Strike
2-1: TRIPLE (Line Drive, 78XD, EV 110.6 MPH)
Batting: LHB Jerrod Cluck 0-0: Foul Ball, location: 2F
0-1: Ball
1-1: Ground out 6-3 (Groundball, 56, EV 81.2 MPH)
Batting: RHB Tony Vargas 0-0: Ball
1-0: Called Strike
1-1: Ball
2-1: Ground out 5-3 (Groundball, 5S, EV 68.1 MPH)
Batting: LHB Cliff Thomas 0-0: Ball
1-0: 2-RUN HOME RUN (Flyball, 89XD, EV 102.5 MPH), Distance : 393 ft
Batting: RHB Sean Peake 0-0: Called Strike
0-1: Called Strike
0-2: Fly out, F4 (Flyball, 34D, EV 84.4 MPH)
Top of the 5th over - 2 runs, 2 hits, 0 errors, 0 left on base; Seattle (WIN) 5 - Philadelphia (WIN) 3
BOTTOM OF THE 5TH
Philadelphia (WIN) Phillies batting - Pitching for Seattle (WIN) Mariners : RHP Sam Wilson
Batting: LHB Tyler Allen 0-0: Ball
1-0: Ball
2-0: Ball
3-0: Base on Balls
Batting: RHB Moritake Fukumoto 0-0: Ball
1-0: Called Strike
1-1: Grounds into double play, 4-6-3 (Groundball, 4S, EV 86.2 MPH)
Batting: LHB Michael Tuttle 0-0: Fly out, F8 (Line Drive, 8RM, EV 100.0 MPH)
Bottom of the 5th over - 0 runs, 0 hits, 0 errors, 0 left on base; Seattle (WIN) 5 - Philadelphia (WIN) 3
TOP OF THE 6TH
Seattle (WIN) Mariners batting - Pitching for Philadelphia (WIN) Phillies : LHP Ryan Jansma
Batting: RHB Harutomi Matsubara 0-0: Ball
1-0: Called Strike
1-1: Foul Ball, location: 2F
1-2: Ground out 4-3 (Groundball, 34, EV 81.2 MPH)
Batting: LHB Tom Reynolds 0-0: Ball
1-0: SINGLE (Flyball, 5D, EV 96.9 MPH)
Batting: RHB Brad Robidas 0-0: Ball
1-0: Ball
2-0: Called Strike
2-1: Foul Ball, location: 2F
2-2: Ball
3-2: Base on Balls
Tom Reynolds to second
Batting: LHB Caleb Domino 0-0: Ball
1-0: Fly out, F8 (Flyball, 89D, EV 84.4 MPH)
Runner from 2nd tags up, SAFE at 3rd, no throw by CF
Batting: RHB Malik Brookshire 0-0: Ball
1-0: Swinging Strike
1-1: Called Strike
1-2: Ball
2-2: Strikes out looking
Top of the 6th over - 0 runs, 1 hit, 0 errors, 2 left on base; Seattle (WIN) 5 - Philadelphia (WIN) 3
BOTTOM OF THE 6TH
Philadelphia (WIN) Phillies batting - Pitching for Seattle (WIN) Mariners : RHP Sam Wilson
Batting: RHB Dan Grable 0-0: Ball
1-0: Ball
2-0: Ball
3-0: Called Strike
3-1: Foul Ball, location: 2F
3-2: Foul Ball, location: 2F
3-2: Foul Ball, location: 2F
3-2: Strikes out looking
Batting: SHB Cesar Arteaga 0-0: Called Strike
0-1: Called Strike
0-2: Strikes out looking
Batting: RHB Kyle Morse 0-0: Called Strike
0-1: Ball
1-1: Called Strike
1-2: Ball
2-2: Strikes out swinging
Bottom of the 6th over - 0 runs, 0 hits, 0 errors, 0 left on base; Seattle (WIN) 5 - Philadelphia (WIN) 3
TOP OF THE 7TH
Seattle (WIN) Mariners batting - Pitching for Philadelphia (WIN) Phillies : LHP Ryan Jansma
Pitching: RHP Omar Pineda
Batting: LHB Jerrod Cluck 0-0: Foul Ball, location: 2F
0-1: Ball
1-1: Ball
2-1: Called Strike
2-2: Ball
3-2: Base on Balls
Batting: RHB Tony Vargas 0-0: Ball
Jerrod Cluck steals 2nd base
1-0: Called Strike
1-1: Called Strike
1-2: Foul Ball, location: 2F
1-2: Ball
2-2: Foul Ball, location: 2F
2-2: Ball
3-2: Foul Ball, location: 2F
3-2: Fly out, F4 (Flyball, 34D, EV 76.9 MPH)
Batting: LHB Cliff Thomas 0-0: Intentional Walk
Batting: RHB Sean Peake 0-0: Swinging Strike
0-1: SINGLE (Line Drive, 6MD, EV 97.5 MPH)
Jerrod Cluck to third
Cliff Thomas to second
Runner from 3rd tries for Home, SAFE, throw by CF to home
Batting: RHB Harutomi Matsubara 0-0: Foul Ball, location: 2F
0-1: Fly out, F4 (Popup, 4M, EV 74.4 MPH)
Batting: LHB Tom Reynolds 0-0: Ball
1-0: Called Strike
1-1: Ball
2-1: Foul Ball, location: 2F
2-2: Ground out 3-1 (Groundball, 34, EV 105.6 MPH)
Top of the 7th over - 1 run, 1 hit, 0 errors, 2 left on base; Seattle (WIN) 6 - Philadelphia (WIN) 3
BOTTOM OF THE 7TH
Philadelphia (WIN) Phillies batting - Pitching for Seattle (WIN) Mariners : RHP Sam Wilson
Pitching: RHP Aidan Martin
Batting: LHB Troy Hodge 0-0: Called Strike
0-1: Swinging Strike
0-2: Ball
1-2: Ball
2-2: Foul Ball, location: 2F
2-2: Strikes out swinging
Batting: RHB Gary Hills 0-0: Ball
1-0: Ball
2-0: Called Strike
2-1: Called Strike
2-2: Strikes out swinging
Pinch Hitting: SHB Chris Perteet 0-0: Ball
1-0: Ball
2-0: Foul Ball, location: 2F
2-1: Fly out, F4 (Flyball, 4D, EV 88.1 MPH)
Bottom of the 7th over - 0 runs, 0 hits, 0 errors, 0 left on base; Seattle (WIN) 6 - Philadelphia (WIN) 3
TOP OF THE 8TH
Seattle (WIN) Mariners batting - Pitching for Philadelphia (WIN) Phillies : RHP Omar Pineda
Pitching: RHP Rome Corona
Now at 2B: Julian Nijhuis
Batting: RHB Brad Robidas 0-0: Ground out 5-3 (Groundball, 56S, EV 66.2 MPH)
Batting: LHB Caleb Domino 0-0: Swinging Strike
0-1: Called Strike
0-2: Ball
1-2: Strikes out looking
Batting: RHB Malik Brookshire 0-0: Called Strike
0-1: Ball
1-1: Swinging Strike
1-2: Strikes out swinging
Top of the 8th over - 0 runs, 0 hits, 0 errors, 0 left on base; Seattle (WIN) 6 - Philadelphia (WIN) 3
BOTTOM OF THE 8TH
Philadelphia (WIN) Phillies batting - Pitching for Seattle (WIN) Mariners : RHP Aidan Martin
Pitching: RHP Victor Cervantes
Batting: LHB Tyler Allen 0-0: Foul Ball, location: 2F
0-1: SINGLE (Line Drive, 56, EV 94.4 MPH)
Batting: RHB Moritake Fukumoto 0-0: Foul Ball, location: 2F
0-1: Swinging Strike
0-2: Ball
1-2: Grounds into double play, 5-4-3 (Groundball, 5, EV 87.5 MPH)
Batting: LHB Michael Tuttle 0-0: Foul Ball, location: 2F
0-1: Ball
1-1: Called Strike
1-2: Strikes out swinging
Bottom of the 8th over - 0 runs, 1 hit, 0 errors, 0 left on base; Seattle (WIN) 6 - Philadelphia (WIN) 3
TOP OF THE 9TH
Seattle (WIN) Mariners batting - Pitching for Philadelphia (WIN) Phillies : RHP Rome Corona
Batting: LHB Jerrod Cluck 0-0: Ball
1-0: Called Strike
1-1: Swinging Strike
1-2: Foul Ball, location: 2F
1-2: Strikes out looking
Batting: RHB Tony Vargas 0-0: Foul Ball, location: 2F
0-1: Swinging Strike
0-2: Ball
1-2: Foul Ball, location: 2F
1-2: Strikes out swinging
Batting: LHB Cliff Thomas 0-0: Ball
1-0: Ball
2-0: Foul Ball, location: 2F
2-1: Foul Ball, location: 2F
2-2: Strikes out swinging
Top of the 9th over - 0 runs, 0 hits, 0 errors, 0 left on base; Seattle (WIN) 6 - Philadelphia (WIN) 3
BOTTOM OF THE 9TH
Philadelphia (WIN) Phillies batting - Pitching for Seattle (WIN) Mariners : RHP Victor Cervantes
Batting: RHB Dan Grable 0-0: Called Strike
0-1: Called Strike
0-2: Ball
1-2: Ball
2-2: Strikes out swinging
Batting: SHB Cesar Arteaga 0-0: Called Strike
0-1: Foul Ball, location: 2F
0-2: Strikes out swinging
Batting: RHB Kyle Morse 0-0: Ball
1-0: Called Strike
1-1: Ball
2-1: Foul Ball, location: 2F
2-2: Strikes out looking
Bottom of the 9th over - 0 runs, 0 hits, 0 errors, 0 left on base; Seattle (WIN) 6 - Philadelphia (WIN) 3
Thursday, March 31st , 2022 - OOTP Baseball 22.12 Build 89